Map: Oceanborn LE

Players

GoOdy - Winner!

  • Race: Terran Terran
  • League: Grandmaster
  • Spawn Location: 5:00

Chickenfan

  • Race: Zerg Zerg
  • League: Master
  • Spawn Location: 11:00

VOD

Have the link to the VOD?

Description

Time

  • Played on: March 12, 2024, 3:55 p.m.
  • Length: 10:40
Show
View Real Time Build Order
Export as new Build Order

GoOdy Terran - Winner!

Build Orders: Reaper Expand, Hellion Banshee 

Get SALT Encoding   

  12  0:00  SCV  
  13  0:12  SCV  
  14  0:17  Supply Depot  
  14  0:24  SCV  
  15  0:39  SCV  
  15  0:40  Barracks  
  16  0:47  Refinery  
  16  0:51  SCV  
  17  1:03  SCV  
  18  1:15  SCV  
  19  1:28  Orbital Command  
  19  1:30  Reaper  
  20  1:38  Command Center  
  20  1:45  Supply Depot  
  20  1:51  Refinery  
  20  1:54  SCV  
  21  2:02  Marine  
  21  2:06  SCV  
  23  2:10  Factory  
  23  2:18  SCV  
  23  2:22  Barracks Reactor  
  24  2:30  SCV  
  25  2:42  SCV  
  26  2:54  SCV  
  26  2:55  Supply Depot  
  26  2:56  Starport  
  27  3:02  Hellion x2  
  31  3:10  Orbital Command, SCV  
  31  3:11  Barracks Tech Lab  
  32  3:22  SCV  
  32  3:24  Hellion x2  
  37  3:34  SCV  
  37  3:37  SCV  
  37  3:38  Banshee, Cloaking Field  
  42  3:46  SCV  
  42  3:47  Hellion x2  
  47  4:02  Bunker  
  46  4:03  SCV x2  
  46  4:07  Supply Depot  
  46  4:08  Cyclone  
  46  4:09  Cyclone  
  52  4:10  Supply Depot  
  52  4:16  SCV  
  53  4:18  SCV  
  53  4:29  Banshee  
  53  4:39  Fusion Core  
  48  4:48  Hellion x2  
  44  5:01  SCV x2  
  46  5:07  Bunker  
  46  5:09  Hellion  
  46  5:10  Hellion  
  46  5:12  Banshee  
  46  5:13  SCV x2  
  55  5:25  SCV x2  
  55  5:26  Marine  
  56  5:37  SCV x2  
  49  5:49  SCV x2  
  41  5:54  Banshee  
  24  6:11  SCV x2  
  20  6:23  SCV x2  
  17  6:35  SCV x2  
  19  6:44  Bunker  
  19  6:47  SCV x2  
  18  6:59  SCV  
  18  7:00  SCV  
  17  7:09  Marine  
  17  7:11  SCV  
  17  7:12  SCV  
  20  7:21  Starport Tech Lab  
  20  7:23  SCV  
  20  7:24  SCV  
  22  7:35  SCV  
  22  7:36  SCV  
  24  7:47  SCV  
  24  7:48  SCV  
  24  7:49  Hellion x2  
  30  7:59  SCV  
  30  8:00  SCV  
  32  8:06  Marine  
  32  8:12  SCV x2  
  34  8:24  SCV x2  
  36  8:34  Armory  
  36  8:36  Factory Tech Lab, SCV x2  
  38  8:46  Refinery  
  38  8:47  Viking  
  38  8:48  SCV x2  
  42  9:00  SCV  
  42  9:01  SCV  
  44  9:12  SCV  
  44  9:13  SCV  
  44  9:14  Engineering Bay  
  44  9:16  Refinery  
  46  9:24  SCV  
  46  9:25  Supply Depot, SCV  
  48  9:36  SCV  
  48  9:37  SCV  
  50  9:44  Thor  
  49  9:48  SCV  
  49  9:49  Refinery, SCV  
  51  9:59  Missile Turret  
  48  10:00  SCV  
  48  10:01  SCV  
  50  10:12  Command Center  
  50  10:13  SCV x2  
  52  10:17  Missile Turret x2  
  52  10:25  SCV x2  
  52  10:28  Missile Turret  
Show
View Real Time Build Order
Export as new Build Order

Chickenfan Zerg 

Build Orders: Hatch First 

Get SALT Encoding   

  12  0:01  Drone  
  13  0:13  Overlord  
  13  0:18  Drone  
  14  0:32  Drone x2  
  16  0:49  Hatchery  
  15  0:53  Drone  
  15  0:55  Drone  
  17  0:58  Drone  
  18  1:10  Extractor  
  17  1:14  Spawning Pool  
  17  1:18  Drone  
  17  1:20  Drone  
  18  1:28  Drone  
  19  1:39  Drone  
  20  1:51  Drone  
  21  2:00  Queen x2  
  25  2:01  Zergling x2  
  25  2:02  Zergling x2  
  27  2:12  Overlord  
  27  2:15  Drone  
  28  2:18  Metabolic Boost  
  28  2:34  Drone x2  
  28  2:35  Drone x2  
  31  2:48  Roach Warren  
  31  2:50  Overlord  
  30  2:51  Drone  
  30  2:56  Extractor  
  30  2:57  Overlord  
  30  2:58  Drone  
  31  3:28  Roach x8  
  31  3:33  Overlord  
  47  3:54  Hatchery  
  46  3:56  Zergling x12  
  46  4:01  Zergling x2  
  46  4:02  Zergling x4  
  55  4:04  Ravager x2  
  57  4:14  Zergling x6  
  59  4:26  Zergling x2  
  59  4:27  Ravager  
  43  4:47  Zergling x20  
  50  4:59  Drone x2  
  44  5:04  Spore Crawler  
  44  5:05  Spore Crawler  
  39  5:08  Drone x2  
  39  5:10  Queen  
  43  5:20  Spore Crawler  
  42  5:21  Drone x2  
  42  5:23  Drone  
  42  5:26  Drone  
  46  5:35  Drone  
  46  5:36  Drone  
  46  5:37  Drone x2  
  46  5:41  Roach  
  50  5:44  Roach  
  50  5:45  Zergling x2  
  50  5:48  Drone  
  50  5:49  Roach  
  54  5:55  Roach  
  48  6:01  Roach x2  
  44  6:11  Drone x2  
  36  6:40  Drone x3  
  29  7:10  Spore Crawler  
  29  7:12  Drone x4  
  29  7:13  Spore Crawler x2  
  27  7:41  Drone x4  
  27  7:42  Lair  
  31  8:15  Hatchery  
  28  8:29  Extractor  
  25  8:42  Spire  
  24  8:54  Drone x5  
  29  9:12  Drone x3  
  28  9:56  Mutalisk x4  
  34  10:02  Roach  
  34  10:04  Overseer  
  36  10:11  Drone  
  36  10:12  Drone x7  
  46  10:36  Spore Crawler  
Tags
 
Add a new tag
Caveats
  • Supply blocks, unpowered buildings, or Contaminate may cause inaccurate times.
  • Supply counts are checked every 10 seconds.